 Dungeon Crawl Stone Soup version 0.31-a0-145-g046c7d2549 (webtiles) character file.

Game seed: 12613663356733312315

74 porpoise the Shooter (level 4, -1/28 HPs)
             Began as a Kobold Hunter on June 5, 2023.
             Slain by Sigmund
             ... wielding a +0 scythe
              (5 damage)
             ... on level 2 of the Dungeon.
             The game lasted 00:03:01 (1308 turns).

porpoise the Shooter (Kobold Hunter)                Turns: 1308, Time: 00:03:02

Health: -1/28      AC:  4    Str:  8    XL:     4   Next: 54%
Magic:  4/4        EV: 14    Int: 10    God:
Gold:   76         SH:  0    Dex: 20    Spells: 3/3 levels left

rFire   . . .        a - +0 shortbow
rCold   . . .        (shield currently unavailable)
rNeg    . . .        c - +0 leather armour
rPois   .            (no helmet)
rElec   .            (no cloak)
rCorr   .            f - +0 pair of gloves
SInv    .            (no boots)
Will    .....        (no amulet)
Stlth   +++          (no ring)
HPRegen 0.24/turn    (no ring)
MPRegen 0.09/turn

%: no passive effects
@: no status effects
A: small, no large weapons, nightstalker 3
a: no special abilities


You were on level 2 of the Dungeon.
You visited 1 branch of the dungeon, and saw 2 of its levels.

You collected 76 gold pieces.

Inventory:

Hand Weapons
 a - a +0 shortbow (weapon)
Armour
 c - a +0 leather armour (worn)
 f - a +0 pair of gloves (worn)
Scrolls
 b - a scroll of butterflies
 d - a scroll of noise {unknown}
 e - a scroll of teleportation {unknown}
 j - 4 scrolls of identify {unknown}
Potions
 g - a potion of curing {unknown}
 h - a potion of attraction {unknown}
 i - 2 potions of ambrosia {unknown}
 k - a potion of resistance {unknown}


   Skills:
 + Level 3.3 Fighting
 * Level 6.8 Ranged Weapons
 - Level 2.4 Dodging
 - Level 1.3 Stealth


You had 3 spell levels left.
You didn't know any spells.
Your spell library was empty.

Dungeon Overview and Level Annotations

Branches:
Dungeon (2/15)

Altars:

Annotations:
D:2 Sigmund


Innate Abilities, Weirdness & Mutations

You are small and have problems with some larger weapons.
You are completely attuned to the shadows.


Message History

You shoot an arrow. The arrow hits Sigmund!
Sigmund is heavily wounded.
Sigmund hits you but does no damage.
You shoot an arrow. The arrow closely misses Sigmund.
You shoot an arrow. The arrow closely misses Sigmund.
Sigmund gestures at you while chanting.
You are confused.
Sigmund mumbles some strange words.
Sigmund flickers and vanishes!
Deactivating autopickup; reactivate with Ctrl-A.
You are too confused!
You are too confused!
You are too confused!
Unknown command.
Non-targeted confused fire: a) +0 shortbow
Press: ? - help, Q - select action Dir - look around, f - activate You shoot an arrow.
Something hits you.
There is an open door here.
Something hits you but does no damage. Something hits you.
You're too confused to move!
You feel less confused. Something barely misses you.
You shoot an arrow. Something hits you.
You shoot an arrow. You shoot an arrow. Something hits you.
You shoot an arrow.
You hear some strange, mumbled words.
You are confused.
Something hits you but does no damage.
You bump into the rock wall.
Something hits you! Something hits you!
* * * LOW HITPOINT WARNING * * *
Something hits you but does no damage.
You bump into the rock wall.
You feel less confused. Something hits you.
You die...

.....##.#..........
.....##..##########
.......###.#######...
.................+...
.......#####..####...
.......######.# #...
#####......# #.# #...
....{......#
#.####...
#####@.....#
#........ #......#
#####.... #......#
#..## #......# ##.#.
#......# #.#.
###'######## #...
######........# ##..
#...........#.# ##.
#...†.......#.# #.


There were no monsters in sight!

Vanquished Creatures
  4 adders (D:2)
  A dart slug (D:1)
  6 endoplasms
  2 giant cockroaches (D:1)
  2 goblins
  2 hobgoblins
  2 quokkas (D:2)
  A ball python (D:2)
  9 bats
  3 frilled lizards (D:1)
  2 kobolds (D:1)
  4 rats
38 creatures vanquished.

Notes
Turn   | Place    | Note
-------+----------+-------------------------------------------
     0 | D:1      | porpoise the Kobold Hunter began the quest for the Orb.
     0 | D:1      | Reached XP level 1. HP: 12/12 MP: 1/1
    92 | D:1      | Reached XP level 2. HP: 15/18 MP: 2/2
   290 | D:1      | Reached skill level 6 in Ranged Weapons
   407 | D:1      | Reached XP level 3. HP: 22/22 MP: 3/3
   891 | D:2      | Reached XP level 4. HP: 28/28 MP: 4/4
  1286 | D:2      | Noticed Sigmund
  1308 | D:2      | Slain by Sigmund

Illustrated notes

Levels and vault maps discovered:
D:1:      ncdulo_wetmaze, layout_rooms, minmay_tree_intersection
D:2:      layout_basic, kennysheep_generic_room_4, uniq_sigmund

Skill      XL: |  1  2  3 |
---------------+----------+-----
Ranged Weapons | 6 |  6.8
Fighting       | 3 |  3.3
Dodging        | |  2.4
Stealth        | |  1.3

Action                     |  1- 3 |  4- 6 || total
---------------------------+-------+-------++-------
   Fire: Shortbow          |    86 |    28 ||   114
 Armour: Leather armour    |    13 |     4 ||    17
  Dodge: Dodged            |    31 |     8 ||    39

Table legend: (Time is in decaauts)
 A = Elapsed time spent in this place.
 B = Non-inter-level travel time spent in this place.
 C = Inter-level travel time spent in this place.
 D = Time resting spent in this place.
 E = Time spent auto-exploring this place.
 F = Levels seen in this place.
 G = Mean time per level.
                   A        B        C        D        E       F      G
               +--------+--------+--------+--------+--------+-----+--------+
         Total |   1331 |   1319 |     12 |     13 |   1094 |   2 |  665.5 |
       Dungeon |   1331 |   1319 |     12 |     13 |   1094 |   2 |  665.5 |
               +--------+--------+--------+--------+--------+-----+--------+

Top non-repeatable levels by time:
     D:2: 720 daAuts
     D:1: 611 daAuts
